 Dungeon Crawl Stone Soup version 0.30-a0-42-g806c11bf1d (webtiles) character file.

Game seed: 14938924849963746537

308 Destapler the Shield-Bearer (level 6, -1/61 HPs)
             Began as a Troll Fighter on Aug 30, 2022.
             Was a Believer of Cheibriados.
             Slain by a gnoll
             ... wielding a +0 flail
              (4 damage)
             ... on level 3 of the Dungeon.
             The game lasted 00:05:46 (1877 turns).

Destapler the Shield-Bearer (Troll Fighter)         Turns: 1877, Time: 00:05:47

Health: -1/61      AC:  4    Str: 32    XL:     6   Next: 16%
Magic:  5/5        EV:  9    Int:  9    God:    Cheibriados [**....]
Gold:   121        SH:  8    Dex: 14    Spells: 5/5 levels left

rFire   . . .      SeeInvis .    a - +0 flail
rCold   . . .      Faith    .    c - +0 kite shield
rNeg    . . .      Spirit   .    b - +0 robe
rPois   .          Reflect  .    (helmet restricted)
rElec   .          Harm     .    (no cloak)
rCorr   .          Rampage  .    (gloves unavailable)
Will    .....                    (boots unavailable)
Stlth   +.........               (no amulet)
HPRegen 1.00/turn                (no ring)
MPRegen 0.09/turn                (no ring)

@: very slow
A: large, unfitting armour, claws 3, regeneration 1, shaggy fur 1, tough skin 1
a: Renounce Religion, Bend Time


You were on level 3 of the Dungeon.
You worshipped Cheibriados.
Cheibriados was pleased with you.
You visited 1 branch of the dungeon, and saw 3 of its levels.

You collected 121 gold pieces.

Inventory:

Hand Weapons
 a - a +0 flail (weapon)
Missiles
 k - 33 stones (quivered)
 n - 4 boomerangs
Armour
 b - a +0 robe (worn)
 c - a +0 kite shield (worn)
Jewellery
 m - the amulet "Yhoc" {Spirit +Blink Str+3 SInv}
   (You found it on level 2 of the Dungeon)

   [amulet of guardian spirit]

   It causes incoming damage to be divided between your reserves of health and
   magic.
   Str:       It affects your strength (+3).
   SInv:      It lets you see invisible.
   +Blink:    It lets you blink.
Scrolls
 d - a scroll of noise {unknown}
 g - 5 scrolls of identify {unknown}
 i - 3 scrolls of teleportation {unknown}
 l - 3 scrolls of brand weapon {unknown}
 o - a scroll of enchant weapon {unknown}
Potions
 e - 4 potions of lignification {unknown}
 f - 2 potions of degeneration {unknown}
 h - 2 potions of haste {unknown}
 j - a potion of berserk rage {unknown}


   Skills:
 + Level 3.5 Fighting
 + Level 3.2 Maces & Flails
 + Level 3.5 Dodging
 + Level 3.9 Shields


You had 5 spell levels left.
You didn't know any spells.
Your spell library contained the following spells:

 Spells                   Type           Power      Damage    Failure   Level
 Foxfire                  Conj/Fire      0%         2x1d4     67%         1
 Sandblast                Erth           0%         2d4       67%         1
 Passwall                 Tmut/Erth      0%         N/A       80%         2
 Sublimation of Blood     Necr           0%         N/A       80%         2
 Conjure Flame            Conj/Fire      0%         6-21      95%         3
 Inner Flame              Hex/Fire       0%         N/A       95%         3
 Stone Arrow              Conj/Erth      0%         3d7       95%         3
 Flame Wave               Conj/Fire      0%         2d4       100%        4
 Petrify                  Tmut/Erth      0%         N/A       100%        4
 Irradiate                Conj/Tmut      0%         3d11      100%        5


Dungeon Overview and Level Annotations

Branches:
Dungeon (3/15)

Altars:
Cheibriados

Shops:
D:2 [


Innate Abilities, Weirdness & Mutations

You are too large for most types of armour.
You have claws for hands.
Your natural rate of healing is unusually fast.
You are covered in fur. (AC +1)
You have tough skin. (AC +1)


Message History

* * * LOW HITPOINT WARNING * * *
You barely miss something. Something hits you.
* * * LOW HITPOINT WARNING * * *
You miss something.
Something hits you but does no damage. x2
You barely miss something. Something hits you.
* * * LOW HITPOINT WARNING * * *
You closely miss something. Something hits you but does no damage.
Something hits you.
* * * LOW HITPOINT WARNING * * *
You closely miss something. Something hits you.
* * * LOW HITPOINT WARNING * * *
You sock something! Something hits you.
* * * LOW HITPOINT WARNING * * *
You miss something. Something hits you.
* * * LOW HITPOINT WARNING * * *
You block something's attack.
You hit something.
You hear some strange, mumbled words.
A puff of flame appears from out of thin air!
The puff of flame misses you.
You closely miss something. Something hits you but does no damage.
You hear some strange, mumbled words.
A puff of flame appears from out of thin air!
The puff of flame hits you.
* * * LOW HITPOINT WARNING * * *
You hit something but do no damage. Something hits you.
* * * LOW HITPOINT WARNING * * *
You completely miss something. Something hits you.
* * * LOW HITPOINT WARNING * * *
Something hits you but does no damage.
You sock something!
Cheibriados thoroughly appreciates the change of pace.
Reactivating autopickup.
You feel a bit more experienced. The gnoll attacks as you move away!
The gnoll hits you with a +0 flail!
* * * LOW HITPOINT WARNING * * *
The gnoll hits you with a +0 flail.
* * * LOW HITPOINT WARNING * * *
The gnoll attacks as you move away! The gnoll hits you with a +0 flail.
You die...

#.#.#......#
#.#.#.#....###
#.####.#.#.#......
#........#.#....##
#.####.#.###.#..##
#.#o..oo....#####.
#.#.#####..)......
#.#.#######)#####.
#.#.oog@.......
#.###########...
#. ...[. ###.


You could see an orc priest, a gnoll and an orc.

Vanquished Creatures
  Grinder (D:3)
  An orc wizard (D:3)
  2 gnolls (D:3)
  2 adders (D:2)
  2 worms (D:2)
  2 orcs (D:3)
  5 ball pythons
  4 endoplasms (D:2)
  A giant cockroach (D:2)
  6 goblins
  7 hobgoblins
  7 jackals
  A quokka (D:3)
  2 bats
  3 frilled lizards (D:1)
  3 kobolds
  5 rats
54 creatures vanquished.

Notes
Turn   | Place    | Note
-------+----------+-------------------------------------------
     0 | D:1      | Destapler the Troll Fighter began the quest for the Orb.
     0 | D:1      | Reached XP level 1. HP: 22/22 MP: 0/0
   122 | D:1      | Reached XP level 2. HP: 29/29 MP: 1/1
   196 | D:1      | Found a faded altar of an unknown god.
   199 | D:1      | Prayed at the altar of an unknown god.
   199 | D:1      | Became a worshipper of Cheibriados the Contemplative
   199 | D:1      | Reached * piety under Cheibriados
   782 | D:2      | Identified the amulet "Yhoc" {Spirit +Blink Str+3 SInv}
   875 | D:2      | Reached XP level 3. HP: 18/36 MP: 2/2
   946 | D:2      | Reached ** piety under Cheibriados
  1214 | D:2      | Found Ipudyqiu's Antique Armour Shop.
  1617 | D:3      | Reached XP level 4. HP: 41/44 MP: 3/3
  1795 | D:3      | Noticed Grinder
  1805 | D:3      | Killed Grinder
  1806 | D:3      | Reached XP level 5. HP: 43/53 MP: 4/4
  1845 | D:3      | Reached XP level 6. HP: 61/61 MP: 5/5
  1875 | D:3      | HP: 3/61 [gnoll/+0 flail (8)]
  1875 | D:3      | HP: 1/61 [gnoll/+0 flail (4)]
  1877 | D:3      | Slain by a gnoll

Illustrated notes

Levels and vault maps discovered:
D:1:      nicolae_arrival_washed_ashore, layout_rooms,
          shapermc_ecumenical_altar_hornbeckon, minmay_misc_feat_more_columns,
          minmay_misc_feat_rows
D:2:      layout_basic, serial_shops, nicolae_shop_hallway_stairs,
          serial_curves, eino_curves_02, eino_curves_01
D:3:      layout_basic, minmay_fountain_box, due_unseen_surprise, uniq_grinder

Skill      XL: |  1  2  3  4 |
---------------+-------------+-----
Maces & Flails | 2 3 |  3.2
Shields        | 3 |  3.9
Dodging        | 3 |  3.5
Fighting       | 3 |  3.5

Action                   |  1- 3 |  4- 6 || total
-------------------------+-------+-------++-------
Melee: Flail             |   144 |    50 ||   194
  Use: Potion            |       |     1 ||     1
 Stab: Sleeping          |     2 |       ||     2
Armor: Robe              |    68 |    14 ||    82
Dodge: Dodged            |    87 |    14 ||   101
Block: Kite shield       |    86 |    25 ||   111

Table legend: (Time is in decaauts)
 A = Elapsed time spent in this place.
 B = Non-inter-level travel time spent in this place.
 C = Inter-level travel time spent in this place.
 D = Time resting spent in this place.
 E = Time spent auto-exploring this place.
 F = Levels seen in this place.
 G = Mean time per level.
                   A        B        C        D        E       F      G
               +--------+--------+--------+--------+--------+-----+--------+
         Total |   2592 |   2479 |    113 |      0 |   1943 |   3 |  864.0 |
       Dungeon |   2592 |   2479 |    113 |      0 |   1943 |   3 |  864.0 |
               +--------+--------+--------+--------+--------+-----+--------+

Top non-repeatable levels by time:
     D:2: 1112 daAuts
     D:1: 980 daAuts
     D:3: 500 daAuts
